 Dungeon Crawl Stone Soup version 0.26-a0-597-gb535b0901c (webtiles) character file.

Game seed: 15140594987691685923

163611 HoaS the Warrior (level 18, 0/152 HPs)
             Began as a Formicid Fighter on Aug 25, 2020.
             Was the Champion of Makhleb.
             Killed from afar by a nagaraja (17 damage)
             ... with a poison arrow
             ... on level 4 of the Snake Pit.
             The game lasted 01:06:45 (23968 turns).

HoaS the Warrior (Formicid Fighter)                Turns: 23968, Time: 01:06:45

Health: 0/152      AC: 33    Str: 22    XL:     18   Next: 46%
Magic:  18/18      EV:  4    Int: 11    God:    Makhleb [******]
Gold:   6794       SH: 27    Dex: 15    Spells: 17/17 levels left

rFire    + + +     SeeInvis +   w - +2 lajatang (venom)
rCold    + + +     Faith    .   b - +1 tower shield
rNeg     . . .     Spirit   .   y - +7 plate armour of Oreys {rC+}
rPois    .         Reflect  +   (helmet unavailable)
rElec    .         Harm     .   E - +0 cloak of Wisdom {rF+++ rC++ Str-4 Stlth+}
rCorr    +                      L - +2 pair of gloves "Dantics" {Dex+5}
MR       ++...                  s - +2 pair of boots "Qeryhise" {MR+ rCorr}
Stlth    ..........             v - amulet of reflection
HPRegen  0.35/turn              M - +4 ring of slaying
MPRegen  0.16/turn              N - +4 ring of slaying

@: lethally poisoned (0 -> -50), constricted
A: permanent stasis, dig shafts and tunnels, four strong arms, antennae 3
a: Dig, Shaft Self, Minor Destruction, Lesser Servant of Makhleb, Major
Destruction, Greater Servant of Makhleb, Renounce Religion


You were on level 4 of the Snake Pit.
You worshipped Makhleb.
Makhleb was exalted by your worship.
You visited 4 branches of the dungeon, and saw 27 of its levels.
You also visited: Bailey, Gauntlet and Ice Cave.

You collected 8936 gold pieces.
You spent 2142 gold pieces at shops.

Inventory:

Hand Weapons
 q - a +0 quarterstaff of freezing
 w - a +2 lajatang of venom (weapon)
Armour
 b - a +1 tower shield (worn)
 s - the +2 pair of boots "Qeryhise" (worn) {MR+ rCorr}
   (You found it on level 5 of the Dungeon)

   It affects your resistance to hostile enchantments.
   It provides partial protection from all sources of acid and corrosion.
 y - the +7 plate armour of Oreys (worn) {rC+}
   (You found it on level 9 of the Dungeon)

   It protects you from cold.
 E - the +0 cloak of Wisdom (worn) {rF+++ rC++ Str-4 Stlth+}
   (You acquired it on level 11 of the Dungeon)

   It affects your strength (-4).
   It renders you almost immune to fire.
   It greatly protects you from cold.
   It makes you more stealthy.
 L - the +2 pair of gloves "Dantics" (worn) {Dex+5}
   (You found it on level 13 of the Dungeon)

   It affects your dexterity (+5).
Jewellery
 n - a +4 ring of evasion
 o - a +4 ring of protection
 v - an amulet of reflection (around neck)
 B - a +6 ring of strength
 I - a +6 ring of dexterity
 M - a +4 ring of slaying (left hand)
 N - a +4 ring of slaying (right hand)
 Q - a +6 ring of dexterity
Wands
 h - a wand of digging (3)
 k - a wand of polymorph (19)
 C - a wand of random effects (49)
 F - a wand of flame (46)
 J - a wand of disintegration (6)
 K - a wand of iceblast (38)
 P - a wand of paralysis (22)
 T - a wand of enslavement (14)
Scrolls
 a - 4 scrolls of identify
 c - 4 scrolls of fear
 m - 8 scrolls of remove curse
 x - 4 scrolls of fog
 G - 3 scrolls of magic mapping
 O - a scroll of summoning
 R - 2 scrolls of enchant armour
 S - a scroll of silence
Potions
 d - a potion of might
 e - 3 potions of ambrosia
 f - 22 potions of curing
 g - 7 potions of heal wounds
 j - 4 potions of flight
 r - 2 potions of cancellation
 t - 12 potions of mutation
 z - 2 potions of resistance
 A - 3 potions of invisibility
 H - 6 potions of lignification


   Skills:
 * Level 16.3 Fighting
 * Level 15.9 Staves
 * Level 16.2 Armour
 + Level 16.3 Shields


You had 17 spell levels left.
You didn't know any spells.
Your spell library contained the following spells:

 Spells                   Type           Power        Failure   Level
 Corpse Rot               Necr/Air       N/A          99%         2
 Sublimation of Blood     Necr           #.........   99%         2
 Confusing Touch          Hex            #.......     100%        3
 Gell's Gravitas          Tloc           #.........   100%        3
 Animate Dead             Necr           #.........   100%        4
 Dispel Undead            Necr           #.......     100%        4
 Petrify                  Tmut/Erth      #.......     100%        4
 Agony                    Necr           #.......     100%        5
 Borgnjor's Vile Clutch   Necr/Erth      #.........   100%        5
 Excruciating Wounds      Necr           #.........   100%        5
 Metabolic Englaciation   Hex/Ice        #.........   100%        5
 Yara's Violent Unravell  Hex/Tmut       #.........   100%        5
 Death Channel            Necr           #.........   100%        6
 Simulacrum               Ice/Necr       #.........   100%        6


Dungeon Overview and Level Annotations

Branches:
Dungeon (15/15)            Temple (0/1) D:5            Lair (6/6) D:11
 Shoals (0/4) Lair:3        Snake (4/4) Lair:2        Slime (0/5) Lair:6
    Orc (2/2) D:9             Elf (0/3) Orc:2        Vaults (0/5) D:13
 Depths (0/5) D:15         Bailey (visited)           IceCv (visited)
Gauntlet (visited)

Altars:
Ashenzari
Kikubaaqudgha
Makhleb
Nemelex Xobeh
Qazlal
Ru
Trog
Uskayaw
Vehumet
Wu Jian
Yredelemnul
The Shining One
Beogh

Shops:
D:13 [   Orc:1 *   Orc:2 =*?(=

Annotations:
D:11 2 transporters, Lugonue's ghost, journeyman PaWn


Innate Abilities, Weirdness & Mutations

You cannot be hasted, slowed, berserked, paralysed or teleported.
You can dig through walls and to a lower floor.
Your four strong arms can wield two-handed weapons with a shield.
You have a pair of large antennae on your head. (SInv)


Message History

You slash the nagaraja!
The nagaraja looks as sick as possible!
The nagaraja is moderately wounded.
You feel sick. You block the shock serpent's attack.
You block the nagaraja's attack.
* * * LOW HITPOINT WARNING * * *
The nagaraja constricts you. You block the shock serpent's attack.
You slash the nagaraja!
The nagaraja is heavily wounded.
You feel sick.
The shock serpent shoots out a bolt of lightning at you!
The bolt of electricity hits you!
* * * LOW HITPOINT WARNING * * *
You slice the nagaraja!!
The nagaraja is severely wounded.
* * * LOW HITPOINT WARNING * * *
You feel sick. You block the naga mage's attack.
The nagaraja gestures at you while chanting.
The poison arrow hits you!
You are more poisoned.
You die...

#.#.. #.#.. #..
#.... ... #....
... #..!.####...
..#.#.#.#.#.#.#
#......NN......
#.#.#.#S#.#.#.#.
#.....N@).......
###.#.#.#.#.#.#.
.........
#.#.#.#.#.#
.............
#.#.#.#.#.#.#.#
##..............
## #.#.#.# #.#.


You could see a nagaraja (extremely poisoned), a naga sharpshooter, a shock
serpent and a naga mage (fast).

Vanquished Creatures
  Rupert (Snake:1)
  Kirke (Lair:5)
  The ghost of Usocoiph the Fighter, an adept HaHu of Okawaru (D:14)
  A ghost moth (shapeshifter) (D:13)
  A reaper (IceCv)
  Fannar (Lair:1)
  4 hydras
  2 ice dragons (D:15)
  4 naga warriors
  4 catoblepae
  A two-headed ogre (Orc:1)
  3 centaur warriors (D:15)
  5 anacondas
  2 death knights
  A deep troll shaman (Lair:6)
  5 death yaks
  A tengu warrior (D:14)
  3 naga sharpshooters
  The ghost of Owaqoir the Grappler, a novice TrBe of Trog (D:9)
  5 shock serpents
  A deep elf knight (D:9)
  4 naga ritualists
  3 unseen horrors
  2 orc knights (Orc:2)
  A lindwurm (Lair:5)
  9 mana vipers
  5 ugly things
  4 cyclopes
  3 deep elf magi
  4 salamanders
  4 oklob plants (Lair:2)
  A cyclops (shapeshifter) (D:14)
  An orc sorcerer (Orc:2)
  10 elephants
  2 manticores
  An elephant (shapeshifter) (D:13)
  2 ice statues (IceCv)
  Maurice (D:8)
  3 centaur zombies
  2 guardian serpents
  3 naga magi
  28 black mambas
  3 gargoyles
  10 cane toads
  2 freezing wraiths
  2 efreet
  9 komodo dragons
  10 ice devils
  6 trolls
  3 polar bears
  3 meliai (D:13)
  8 slime creatures
  18 blink frogs
  10 hippogriffs
  2 meliai zombies
  5 shadows
  A centaur simulacrum (D:9)
  4 water elementals (D:14)
  9 wraiths
  60 yaks
  3 basilisks
  A hog (Lair:5)
  A basilisk (shapeshifter) (D:13)
  4 wyverns
  A vampire (D:13)
  A steam dragon (D:11)
  21 nagas
  4 wargs (Orc:2)
  16 water moccasins
  A soldier ant (D:15)
  5 porcupines
  7 sky beasts
  A hornet zombie (D:12)
  6 ice beasts
  36 orc warriors
  2 black bears
  2 eyes of draining
  4 phantoms
  A necrophage (D:12)
  9 ogres
  25 wolves
  31 centaurs
  9 crocodiles
  3 big kobolds
  19 bullfrogs
  A wyvern skeleton (D:14)
  7 scorpions
  8 killer bees
  23 wights
  The ghost of Begoul the Skirmisher, a weakling HaAK of Lugonu (D:3)
  An electric eel (D:14)
  10 howler monkeys
  A lava snake (Lair:1)
  3 quasits
  3 bullfrog zombies
  4 hounds
  16 orc wizards
  2 bullfrog skeletons
  8 jellies
  A gnoll shaman (D:5)
  9 orc priests
  7 centaur skeletons
  5 iguanas
  13 worker ants
  A killer bee zombie (D:9)
  2 hound skeletons
  A mummy (D:9)
  A howler monkey zombie (D:5)
  2 worker ant zombies
  17 gnolls
  A howler monkey skeleton (D:11)
  15 adders
  3 shadow imps
  16 white imps
  9 ufetubi
  2 oozes
  3 dart slugs
  A worm (D:2)
  7 leopard geckos
  84 orcs
  8 bats
  11 giant cockroaches
  14 hobgoblins
  10 jackals
  34 kobolds
  9 quokkas
  3 ball pythons
  5 frilled lizards
  10 goblins
  9 rats
920 creatures vanquished.

Vanquished Creatures (others)
  3 humans (Lair:5)
  A crocodile (Lair:5)
  2 ufetubi (IceCv)
  A bush (Lair:6)
  3 demonic plants (Gauntlet)
  17 fungi
  55 plants
  5 toadstools (D:3)
87 creatures vanquished.

Grand Total: 1007 creatures vanquished

Notes
Turn   | Place    | Note
-------+----------+-------------------------------------------
     0 | D:1      | HoaS the Formicid Fighter began the quest for the Orb.
     0 | D:1      | Reached XP level 1. HP: 18/18 MP: 1/1
   132 | D:1      | Reached XP level 2. HP: 21/24 MP: 2/2
   237 | D:1      | Reached XP level 3. HP: 22/29 MP: 3/3
   967 | D:2      | Reached XP level 4. HP: 34/35 MP: 4/4
  1599 | D:2      | Reached XP level 5. HP: 25/41 MP: 5/5
  1728 | D:2      | Reached skill level 5 in Shields
  1737 | D:2      | Reached skill level 5 in Staves
  1737 | D:2      | Reached XP level 6. HP: 33/47 MP: 6/6
  2172 | D:3      | Found a runed translucent gate.
  2172 | D:3      | Noticed Begoul's ghost (weakling HaAK)
  2173 | D:3      | Found a runed translucent gate.
  2173 | D:3      | Found a runed translucent gate.
  2178 | D:3      | Noticed a phantom
  2215 | D:3      | Killed a phantom
  2215 | D:3      | Reached XP level 7. HP: 36/52 MP: 7/7
  2216 | D:3      | Killed Begoul's ghost
  2467 | D:3      | Found a shattered altar of Ashenzari.
  2687 | D:3      | Found a sparkling altar of Nemelex Xobeh.
  2999 | D:4      | Found a hide-covered altar of Uskayaw.
  2999 | D:4      | Found a radiant altar of Vehumet.
  3004 | D:4      | Found an ornate altar of the Wu Jian Council.
  3017 | D:4      | Found a burning altar of Makhleb.
  3018 | D:4      | Found a faded altar of an unknown god.
  3029 | D:4      | Became a worshipper of Makhleb the Destroyer
  3449 | D:5      | Entered Level 5 of the Dungeon
  3491 | D:5      | Reached XP level 8. HP: 42/58 MP: 8/8
  3590 | D:5      | Found a staircase to the Ecumenical Temple.
  3688 | D:5      | Reached * piety under Makhleb
  3864 | D:5      | Found a bloodstained altar of Trog.
  3982 | D:5      | Got a pair of ancient boots
  3988 | D:5      | Identified the +2 pair of boots "Qeryhise" {MR+ rCorr} (You
                  | found it on level 5 of the Dungeon)
  4209 | D:5      | Found a stormy altar of Qazlal.
  4460 | D:6      | Identified the +8 trident of Dull Tortfeasance {vamp,
                  | rElec}
  4465 | D:6      | Reached ** piety under Makhleb
  4509 | D:6      | Reached XP level 9. HP: 62/64 MP: 9/9
  5157 | D:7      | Reached skill level 10 in Staves
  5496 | D:7      | Found an ancient bone altar of Kikubaaqudgha.
  5564 | D:8      | Found a flagged portal.
  5622 | D:8      | Noticed a hippogriff
  5638 | Bailey   | Entered a bailey
  5726 | Bailey   | Reached *** piety under Makhleb
  5940 | Bailey   | Reached XP level 10. HP: 70/70 MP: 10/10
  6115 | D:8      | Found a basalt altar of Yredelemnul.
  6134 | D:8      | Reached skill level 10 in Shields
  6223 | D:8      | Reached **** piety under Makhleb
  6251 | D:8      | Noticed Maurice
  6284 | D:8      | Killed Maurice
  6584 | D:9      | Noticed a manticore
  6601 | D:9      | Killed a manticore
  6932 | D:9      | Noticed a death knight
  6936 | D:9      | Noticed Owaqoir's ghost (novice TrBe)
  6947 | D:9      | Reached XP level 11. HP: 75/75 MP: 11/11
  7170 | D:9      | Found a sacrificial altar of Ru.
  7170 | D:9      | Identified the amulet of Meihuf Quto {Faith Slay+5}
  7170 | D:9      | Noticed a deep elf knight
  7185 | D:9      | Found a transporter.
  7191 | D:9      | Found a transporter.
  7319 | D:9      | Found a transporter.
  7320 | D:9      | Found a transporter.
  7368 | D:9      | Found a staircase to the Orcish Mines.
  7374 | D:9      | Reached ***** piety under Makhleb
  7379 | D:9      | Found a roughly hewn altar of Beogh.
  7521 | D:9      | Got a brightly glowing plate armour
  7522 | D:9      | Identified the +7 plate armour of Oreys {rC+} (You found it
                  | on level 9 of the Dungeon)
  7658 | D:10     | Entered Level 10 of the Dungeon
  7758 | D:10     | Found a bloodstained altar of Trog.
  8381 | D:11     | Noticed a cyclops
  8542 | D:11     | Found a transporter.
  8560 | D:11     | Noticed Lugonue's ghost (journeyman PaWn)
  8672 | D:11     | Found a transporter.
  8693 | D:11     | Killed a cyclops
  8737 | D:11     | Identified a scroll of acquirement
  8737 | D:11     | Acquired the +0 cloak of Wisdom {rF+++ rC++ Str-4 Stlth+}
  8980 | D:11     | Found a staircase to the Lair.
  8999 | D:11     | Reached XP level 12. HP: 45/81 MP: 12/12
  9548 | Lair:1   | Entered Level 1 of the Lair of Beasts
  9648 | Lair:1   | Noticed Fannar
  9700 | Lair:1   | Killed Fannar
  9700 | Lair:1   | Reached skill level 15 in Shields
 10003 | Lair:1   | Noticed a four-headed hydra
 10010 | Lair:1   | Reached skill level 5 in Fighting
 10022 | Lair:1   | Killed a four-headed hydra
 10178 | Lair:1   | Reached ****** piety under Makhleb
 10516 | Lair:2   | Reached skill level 5 in Armour
 10644 | Lair:2   | Reached XP level 13. HP: 96/96 MP: 13/13
 10806 | Lair:2   | Found a staircase to the Snake Pit.
 11609 | Lair:3   | Found a staircase to the Shoals.
 11983 | Lair:3   | Acquired 800 gold pieces
 12256 | Lair:3   | Acquired 1040 gold pieces
 12258 | Lair:3   | Acquired 4130 gold pieces
 12297 | Lair:3   | Reached skill level 10 in Fighting
 13267 | Lair:5   | Noticed Kirke
 13276 | Lair:5   | Reached XP level 14. HP: 114/114 MP: 14/14
 13290 | Lair:5   | Killed Kirke
 13909 | Lair:6   | Entered Level 6 of the Lair of Beasts
 14190 | Lair:6   | Found a staircase to the Slime Pits.
 14248 | Lair:6   | Reached skill level 10 in Armour
 15314 | D:9      | Killed Owaqoir's ghost
 15314 | D:9      | Reached XP level 15. HP: 126/126 MP: 15/15
 15483 | D:12     | Found a frozen archway.
 15503 | IceCv    | Entered an ice cave
 15697 | IceCv    | Noticed a reaper
 15709 | IceCv    | Killed a reaper
 15947 | D:12     | Found a glowing golden altar of the Shining One.
 16472 | Orc:1    | Entered Level 1 of the Orcish Mines
 16643 | Orc:2    | Entered Level 2 of the Orcish Mines
 16735 | Orc:2    | Found a staircase to the Elven Halls.
 17154 | Orc:2    | Found a gate leading to a gauntlet.
 17200 | Gauntlet | Entered a Gauntlet
 17200 | Gauntlet | Found a transporter.
 17209 | Gauntlet | Found a transporter.
 17229 | Gauntlet | Found a transporter.
 17229 | Gauntlet | Found a transporter.
 17249 | Gauntlet | Found a transporter.
 17262 | Gauntlet | Found a transporter.
 17266 | Gauntlet | Found the +5 scythe "Finisher" {speed, eviscerate}
 17267 | Gauntlet | Found a transporter.
 17271 | Gauntlet | Found a transporter.
 17298 | Gauntlet | Found a transporter.
 17318 | Gauntlet | Found a transporter.
 17322 | Gauntlet | Found a transporter.
 17331 | Gauntlet | Found a transporter.
 17350 | Gauntlet | Noticed a juggernaut
 17353 | Gauntlet | Noticed a caustic shrike
 17353 | Gauntlet | a juggernaut changed into a caustic shrike
 17357 | Gauntlet | Noticed a golden dragon
 17357 | Gauntlet | a caustic shrike changed into a golden dragon
 17358 | Gauntlet | Noticed a caustic shrike
 17358 | Gauntlet | a golden dragon changed into a caustic shrike
 17362 | Gauntlet | Noticed an iron dragon
 17362 | Gauntlet | a caustic shrike changed into an iron dragon
 17364 | Gauntlet | Noticed an acid blob
 17364 | Gauntlet | an iron dragon changed into an acid blob
 17367 | Gauntlet | Noticed an iron giant
 17367 | Gauntlet | an acid blob changed into an iron giant
 17726 | Orc:2    | Found Jialod's Jewellery Shoppe.
 17800 | Orc:2    | Found Zeng's Magic Scroll Shoppe.
 17800 | Orc:2    | Found Kecvoho's Assorted Antiques.
 17802 | Orc:2    | Found Uphiekess's Jewellery Boutique.
 17804 | Orc:2    | Found Bepy's Weapon Emporium.
 17809 | Orc:2    | Bought a scroll labeled YNITA INITU for 32 gold pieces
 17809 | Orc:2    | Bought a potion of heal wounds for 160 gold pieces
 17881 | Orc:2    | Bought a +4 ring of slaying for 936 gold pieces
 17906 | Orc:2    | Bought a +4 ring of slaying for 1014 gold pieces
 18054 | Orc:1    | Found Seats's Assorted Antiques.
 18390 | D:13     | Noticed a ghost moth
 18390 | D:13     | a spark wasp changed into a ghost moth
 18396 | D:13     | Killed a ghost moth
 18431 | D:13     | Found a gate to the Vaults.
 18432 | D:13     | Got a pair of faintly humming gloves
 18433 | D:13     | Identified the +2 pair of gloves "Dantics" {Dex+5} (You
                  | found it on level 13 of the Dungeon)
 18583 | D:13     | Found Juxuzeu's Antique Armour Shoppe.
 19188 | D:14     | Reached XP level 16. HP: 134/134 MP: 16/16
 19430 | D:14     | Found a runed translucent gate.
 19431 | D:14     | Found a runed translucent gate.
 19432 | D:14     | Found a runed translucent gate.
 19433 | D:14     | Noticed Usocoiph's ghost (adept HaHu)
 19954 | D:14     | Killed Usocoiph's ghost
 20022 | D:15     | Entered Level 15 of the Dungeon
 20076 | D:15     | Found a staircase to the Depths.
 20241 | D:15     | Reached skill level 15 in Fighting
 20252 | D:15     | Reached skill level 15 in Armour
 20962 | Snake:1  | Entered Level 1 of the Snake Pit
 20975 | Snake:1  | Reached skill level 15 in Staves
 21552 | Snake:1  | Noticed Rupert
 21564 | Snake:1  | Killed Rupert
 22101 | Snake:2  | Reached XP level 17. HP: 142/142 MP: 17/17
 22348 | Snake:2  | You fall into a shaft and drop 1 floor!
 23932 | Snake:3  | Reached XP level 18. HP: 151/151 MP: 18/18
 23944 | Snake:4  | Entered Level 4 of the Snake Pit
 23968 | Snake:4  | Killed from afar by a nagaraja

Illustrated notes

Levels and vault maps discovered:
D:1:      evilmike_arrival_rings, layout_basic, minmay_tetromino_l4
D:2:      minmay_chambers_of_twos, layout_basic, minmay_misc_feat_doors,
          st_stairs_6
D:3:      layout_basic, ashenzari_altar_1, gammafunk_ghost_split,
          minmay_gold_behind_fungi, serial_park_tiny_pond,
          nemelex_lonely_heart_becter
D:4:      layout_cave_pools, chequers_temple_overflow_minitemple,
          kennysheep_nondescript
D:5:      layout_rooms, lemuel_coloured_pillars_altar, temple_green,
          trog_butcher_becter
D:6:      layout_basic
D:7:      nicolae_whirlpool, layout_rooms, kennysheep_mini_moat
D:8:      layout_gridville, enter_bailey_6, basic_altar, uniq_maurice
D:9:      layout_irregular_city, gammafunk_temple_overflow_arena,
          minmay_orc_entry_temple_small, gammafunk_ghost_mausoleum, minivault_20
D:10:     layout_roguey, basic_altar, minmay_hedge_maze, minmay_orc_keep
D:11:     layout_long_grid, david_lair_generic, gammafunk_ghost_stat_death
D:12:     layout_basic, portal_ice_cave_demonic_guard, tso_altar
D:13:     layout_loops_ring, david_vaults_2, serial_shops, shop
D:14:     layout_basic, gammafunk_ghost_hydra_chop
D:15:     grunt_enter_depths_hoard, layout_loops_cross
Lair:1:   layout_gridlike, grunt_megastairs_1, uniq_fannar
Lair:2:   minmay_lair_oklob_tunnel, layout_chaotic_city,
          minmay_snake_entry_guardpost_small, st_stairs_4
Lair:3:   layout_roguey, elwin_shoals_entry_rocks, serial_bayou_shore_b
Lair:4:   layout_small_grid, st_stairs_6, grunt_megastairs_5
Lair:5:   layout_cave_pods, nicolae_lair_yak_garden, grunt_megastairs_2,
          uniq_kirke
Lair:6:   grunt_lair_end_beastmaster, layout_small_grid,
          minmay_slime_entry_pillars, serial_bayou_shore_a, grunt_megastairs_3
Snake:1:  layout_honeycomb, uniq_rupert
Snake:2:  layout_layer_cave
Snake:3:  layout_rooms
Snake:4:  grunt_snake_rune_serpentine_throne, layout_onion,
          gammafunk_ghost_split, st_stairs_11, lemuel_fruit_tree
Orc:1:    layout_caves, serial_shops, shop
Orc:2:    st_orc_rangers, layout_diamond_mine, gauntlet_entry_generic,
          minmay_shop_enchanted_jewellery

Skill      XL: |  1  2  3  4  5  6  7  8  9 10 11 12 13 14 15 16 17 |
---------------+----------------------------------------------------+-----
Shields        | 4 5 6 8 9 11 13 15 16 | 16.3
Staves         | 3 4 5 7 8 10 12 14 15 | 15.9
Fighting       | 7 11 14 15 16 | 16.3
Armour         | 5 8 11 14 15 16 | 16.2

Action                   |  1- 3 |  4- 6 |  7- 9 | 10-12 | 13-15 | 16-18 || total
-------------------------+-------+-------+-------+-------+-------+-------++-------
Melee: Quarterstaff      |    67 |   145 |   632 |  1118 |   163 |     6 ||  2131
       Lajatang          |       |       |       |       |  1064 |   613 ||  1677
 Abil: Dig               |       |       |       |     2 |    10 |       ||    12
  Use: Scroll            |     7 |     2 |    11 |     7 |    10 |    12 ||    49
       Potion            |       |       |     2 |       |       |     2 ||     4
Armor: Scale mail        |    36 |    35 |    58 |       |       |       ||   129
       Chain mail        |       |       |    30 |       |       |       ||    30
       Plate armour      |       |       |   146 |   296 |   328 |   185 ||   955
Dodge: Dodged            |    19 |    47 |   129 |   122 |   119 |    60 ||   496
Block: Kite shield       |    35 |    71 |   100 |       |       |       ||   206
       Tower shield      |       |       |   423 |  1062 |  1149 |   639 ||  3273
       Reflection        |       |       |       |    17 |    97 |    67 ||   181

Table legend: (Time is in decaauts)
 A = Elapsed time spent in this place.
 B = Non-inter-level travel time spent in this place.
 C = Inter-level travel time spent in this place.
 D = Time resting spent in this place.
 E = Time spent auto-exploring this place.
 F = Levels seen in this place.
 G = Mean time per level.
                   A        B        C        D        E       F      G
               +--------+--------+--------+--------+--------+-----+--------+
         Total |  23074 |  21242 |   1832 |   1282 |  13829 |  30 |  769.1 |
       Dungeon |  12454 |  11371 |   1083 |    867 |   7117 |  15 |  830.3 |
          Lair |   5341 |   4848 |    493 |     72 |   3554 |   6 |  890.2 |
     Snake Pit |   2890 |   2800 |     90 |    294 |   1939 |   4 |  722.5 |
  Orcish Mines |   1444 |   1279 |    165 |      0 |    871 |   2 |  722.0 |
        Bailey |    375 |    375 |      0 |     49 |    114 |   1 |  375.0 |
      Ice Cave |    322 |    322 |      0 |      0 |     83 |   1 |  322.0 |
      Gauntlet |    247 |    247 |      0 |      0 |    151 |   1 |  247.0 |
               +--------+--------+--------+--------+--------+-----+--------+

Top non-repeatable levels by time:
 Snake:2: 1387 daAuts
     D:9: 1294 daAuts
    D:11: 1226 daAuts
     D:2: 1209 daAuts
   Orc:2: 1056 daAuts
  Lair:2: 1025 daAuts
    D:14: 990 daAuts
  Lair:6: 956 daAuts
     D:1: 938 daAuts
  Lair:1: 925 daAuts
 Snake:1: 903 daAuts
     D:5: 863 daAuts
  Lair:5: 844 daAuts
  Lair:4: 810 daAuts
  Lair:3: 778 daAuts
